 Dungeon Crawl Stone Soup version 0.25-a0-59-gf342c8b036 (webtiles) character file.

Game seed: 4080925717621989659, levelgen mode: deterministic

3783 Gumption the Jinx (level 9, 0/39 HPs)
             Began as a Spriggan Enchanter on Oct 28, 2019.
             Was a Believer of Yredelemnul.
             Killed by divine providence
             ... invoked by an orc priest
              (13 damage)
             ... on level 8 of the Dungeon on Oct 29, 2019.
             The game lasted 02:16:24 (13371 turns).

Gumption the Jinx (Spriggan Enchanter)             Turns: 13371, Time: 02:16:24

Health: 0/39       AC:  8    Str:  4    XL:     9   Next: 95%
Magic:  16/20      EV: 22    Int: 19    God:    Yredelemnul [**....]
Gold:   333        SH:  0    Dex: 17    Spells: 5/22 levels left

rFire    . . .     SeeInvis +   a - +1 dagger (venom)
rCold    . . .     Gourm    .   (shield restricted)
rNeg     . . .     Faith    .   o - +0 robe
rPois    .         Spirit   .   (helmet restricted)
rElec    .         Reflect  .   p - +0 cloak
rCorr    .         Harm     .   (gloves unavailable)
MR       +....                  (boots unavailable)
Stlth    +++++.....             (no amulet)
HPRegen  0.13/turn              i - ring of stealth
MPRegen  0.17/turn              y - +5 ring of protection

@: drained, very quick
A: very small, unfitting armour, see invisible, herbivore, speed 3, slow
metabolism 2
a: Animate Remains, Recall Undead Slaves, Injury Mirror, Renounce Religion


You were on level 8 of the Dungeon.
You worshipped Yredelemnul.
Yredelemnul was pleased with you.
You were hungry.

You visited 2 branches of the dungeon, and saw 9 of its levels.

You collected 333 gold pieces.

Inventory:

Hand Weapons
 a - a +1 dagger of venom (weapon)
 b - a +0 hunting sling
Missiles
 d - 270 stones (quivered)
 u - 103 sling bullets
 A - a throwing net
Armour
 o - a +0 robe (worn)
 p - a +0 cloak (worn)
Magical Staves
 w - an uncursed staff of power
Jewellery
 f - an uncursed ring of stealth
 i - a ring of stealth (left hand)
 s - an uncursed ring of wizardry
 y - a +5 ring of protection (right hand)
Wands
 t - a wand of acid (17)
Scrolls
 k - 2 scrolls of magic mapping
 n - 2 scrolls of remove curse
 C - a scroll of teleportation
Potions
 c - a potion of lignification
 g - a potion of resistance
 h - 3 potions of curing
 j - a potion of invisibility
 l - a potion of might
 m - 2 potions of haste
 v - 2 potions of agility
 B - a potion of flight
 E - a potion of cancellation
 F - a potion of brilliance {unknown}
Comestibles
 e - 6 rations


   Skills:
 + Level 5.0(4.4) Short Blades
 + Level 7.0(6.4) Dodging
 + Level 8.4(7.7) Stealth
 + Level 7.0(6.4) Spellcasting
 + Level 9.5(8.8) Hexes
 - Level 2.0(1.4) Translocations
 + Level 5.9(5.2) Ice Magic
 + Level 1.4(0.8) Invocations


You had 5 spell levels left.
You knew the following spells:

 Your Spells              Type           Power        Failure   Level  Hunger
a - Ensorcelled Hibernat  Hex/Ice        ####..       1%          2    None
b - Magic Dart            Conj           #...         11%         1    None
c - Confuse               Hex            #####...     1%          3    ##.....
d - Tukima's Dance        Hex            #####...     1%          3    ##.....
e - Conjure Flame         Conj/Fire      #.......     32%         3    ##.....
f - Mephitic Cloud        Conj/Pois/Air  #.......     32%         3    ##.....
g - Blink                 Tloc           N/A          9%          2    None

Your spell library contained the following spells:

 Spells                   Type           Power        Failure   Level  Hunger
 Corona                   Hex            #####..      1%          1    None
 Slow                     Hex            #####...     1%          2    None
 Dazzling Spray           Conj/Hex       ###...       5%          3    ##.....
 Beastly Appendage        Tmut           #.....       11%         1    None
 Call Imp                 Summ           #.......     16%         2    None
 Sticks to Snakes         Tmut           #.......     16%         2    None
 Spider Form              Tmut/Pois      #.........   32%         3    ##.....
 Ice Form                 Ice/Tmut       ###.....     36%         4    ####...
 Blade Hands              Tmut           #.........   96%         5    #####..


Dungeon Overview and Level Annotations

Branches:
Dungeon (8/15)             Temple (1/1) D:5            Lair (0/6) D:8

Altars:
Ashenzari
Cheibriados
Dithmenos
Elyvilon
Fedhas
Gozag
Hepliaklqana
Kikubaaqudgha
Makhleb
Nemelex Xobeh
Okawaru
Qazlal
Ru
Trog
Uskayaw
Vehumet
Wu Jian
Xom
Yredelemnul
Zin
The Shining One
Beogh


Innate Abilities, Weirdness & Mutations

You are very small and have problems with some larger weapons.
You are too small for most types of armour.
You have supernaturally acute eyesight. (SInv)
You are a herbivore.
You cover ground extremely quickly.
You need to consume almost no food.


Message History

The orc looks drowsy...
You are too injured to fight recklessly!
The orc shouts! x3
There is an open door here.
The orc wizard shouts!
An orc priest comes into view. It is wielding a +0 hand axe.
You hit the orc but do no damage. The orc completely misses you.
Your orc priest zombie barely misses the orc priest.
The orc priest hits your orc priest zombie with a +0 hand axe.
Casting: Ensorcelled Hibernation (safe; 1% risk of failure)
Confirm with . or Enter, or press ? or * to list all spells.
Aiming: Confuse (safe; 1% risk of failure)
Press: ? - help, Shift-Dir - straight line, f/p - orc
Aim: an orc, wielding a +0 short sword (chance to defeat MR: 81%)
The orc appears confused.
Your orc priest zombie hits the orc priest.
The orc priest mumbles some strange prayers to Beogh against you.
Beogh smites you!
You die...
Your body rises from the dead as a mindless zombie.

...#.....#'#######....#
##...###..#.......#....#
##.....##..#.......#....#
#.......#..#.......#....#
#....)..####.......#....#
...........#..######....#
...........#..##...#.o..#
.)..>.)....#...#.o.'oo..#
..........##...'@..#....#
..........##.)####'#....#
#.....P.#.oZ..##...#....#
#.......#..#...#...'....#
##.....#####(..#...#...o#
##...## #...#...#....#
....#.. #).####'#....#
....#.. ##+##?........#
#.............#


You could see an orc priest, an orc wizard, 3 orcs and a friendly orc priest
zombie.

Vanquished Creatures
  A hippogriff (D:7)
  Sigmund (D:5)
  A warg (D:8)
  Edmund (D:5)
  A water moccasin (D:7)
  Duvessa (D:5)
  An ice beast (D:5)
  A sky beast (D:7)
  A phantom (D:4)
  3 ogres
  4 centaurs
  A bullfrog (D:5)
  A scorpion (D:4)
  A water moccasin skeleton (D:6)
  Dowan (D:5)
  An electric eel (D:8)
  4 crimson imps
  3 howler monkeys
  A bullfrog zombie (D:5)
  A quasit (D:4)
  A centaur zombie (D:6)
  2 bullfrog skeletons (D:5)
  A gnoll shaman (D:7)
  6 hounds
  9 orc priests
  A centaur skeleton (D:4)
  A jelly (D:6)
  10 orc wizards
  Ijyb (D:5)
  8 worker ants
  A hound skeleton (D:7)
  2 worker ant zombies (D:5)
  14 gnolls
  9 adders
  A shadow imp (D:6)
  2 oozes
  An adder skeleton (D:4)
  5 worms
  A dart slug (D:2)
  7 leopard geckos
  33 orcs
  2 giant cockroaches (D:1)
  9 goblins
  6 hobgoblins
  10 jackals
  6 kobolds (D:1)
  3 quokkas
  2 ball pythons (D:3)
  11 bats
  5 frilled lizards
  A jackal skeleton (D:8)
  2 quokka skeletons (D:6)
  11 rats
214 creatures vanquished.

Vanquished Creatures (collateral kills)
  A bullfrog (D:8)
  An electric eel (D:8)
  2 gnolls
  An adder skeleton (D:6)
  2 orcs (D:6)
7 creatures vanquished.

Vanquished Creatures (others)
  A black bear (D:7)
  An elf skeleton (D:7)
  A water moccasin zombie (D:7)
  A centaur zombie (D:6)
  A dwarf skeleton (D:7)
  A hound zombie (D:8)
  4 orc zombies
  2 gnoll zombies (D:7)
  2 gnoll skeletons (D:7)
  An orc skeleton (D:7)
  A plant (D:8)
16 creatures vanquished.

Grand Total: 237 creatures vanquished

Notes
Turn   | Place    | Note
-------+----------+-------------------------------------------
     0 | D:1      | Gumption the Spriggan Enchanter began the quest for the
                  | Orb.
     0 | D:1      | Reached XP level 1. HP: 9/9 MP: 5/5
   189 | D:1      | Reached skill level 4 in Hexes
   426 | D:1      | Reached XP level 2. HP: 13/13 MP: 5/7
   433 | D:1      | Learned a level 2 spell: Ensorcelled Hibernation
  1779 | D:2      | Reached XP level 3. HP: 16/16 MP: 5/8
  1988 | D:2      | Reached skill level 1 in Ice Magic
  2428 | D:1      | Learned a level 3 spell: Confuse
  2644 | D:2      | Reached XP level 4. HP: 21/21 MP: 5/10
  2649 | D:2      | Learned a level 3 spell: Tukima's Dance
  2671 | D:2      | Reached skill level 5 in Hexes
  3277 | D:2      | You fall into a shaft and drop 2 floors!
  3406 | D:4      | Reached XP level 5. HP: 24/24 MP: 8/11
  3501 | D:4      | Found a roughly hewn altar of Beogh.
  5073 | D:3      | Found a shimmering altar of Xom.
  5075 | D:3      | Found a hazy altar of Hepliaklqana.
  5075 | D:3      | Noticed an unseen horror
  5076 | D:3      | Noticed a spectral ugly thing
  5076 | D:3      | Noticed an unseen horror
  5160 | D:3      | Reached skill level 6 in Hexes
  5160 | D:3      | Reached XP level 6. HP: 17/28 MP: 1/13
  7048 | D:4      | Reached XP level 7. HP: 28/32 MP: 0/14
  7136 | D:4      | Reached skill level 5 in Stealth
  7565 | D:4      | Reached skill level 7 in Hexes
  7580 | D:4      | Reached skill level 5 in Spellcasting
  7640 | D:5      | Entered Level 5 of the Dungeon
  7700 | D:5      | Found a staircase to the Ecumenical Temple.
  7834 | D:5      | Reached XP level 8. HP: 34/36 MP: 12/16
  7893 | Temple   | Entered the Ecumenical Temple
  8110 | Temple   | Became a worshipper of Yredelemnul the Dark
  8146 | D:5      | Noticed Sigmund
  8167 | D:5      | Noticed Edmund
  8188 | D:5      | Killed Edmund
  8682 | D:5      | Noticed Dowan
  8683 | D:5      | Noticed Duvessa
  8684 | D:5      | Killed Dowan
  8685 | D:5      | Noticed Ijyb
  8703 | D:5      | Reached skill level 8 in Hexes
  8832 | D:4      | Reached skill level 5 in Dodging
  9107 | D:5      | Killed Duvessa
  9135 | D:5      | Killed Ijyb
  9334 | D:5      | Killed Sigmund
  9334 | D:5      | Reached * piety under Yredelemnul
  9483 | D:6      | Reached skill level 5 in Ice Magic
  9510 | D:6      | Found a burning altar of Makhleb.
  9945 | D:5      | Reached XP level 9. HP: 39/39 MP: 14/19
 10096 | D:6      | Found a shattered altar of Ashenzari.
 10145 | D:6      | Found an opulent altar of Gozag.
 10593 | D:6      | Reached ** piety under Yredelemnul
 10627 | D:6      | Reached skill level 9 in Hexes
 10684 | D:6      | Learned a level 1 spell: Magic Dart
 10688 | D:6      | Learned a level 3 spell: Conjure Flame
 10692 | D:6      | Learned a level 3 spell: Mephitic Cloud
 10695 | D:6      | Learned a level 2 spell: Blink
 10867 | D:7      | Found an opulent altar of Gozag.
 10896 | D:7      | Reached skill level 1 in Translocations
 11767 | D:7      | Found an opulent altar of Gozag.
 11770 | D:7      | Found a shadowy altar of Dithmenos.
 11773 | D:7      | Found a sacrificial altar of Ru.
 11776 | D:7      | Found a white marble altar of Elyvilon.
 11857 | D:8      | Identified a scroll of acquirement
 11858 | D:8      | Got faintly humming storm dragon scales
 11869 | D:8      | Identified the +10 storm dragon scales "Sialios" {*Drain
                  | +Blink rElec Dex+8 Slay+6} (You acquired it on level 8 of
                  | the Dungeon)
 12068 | D:8      | Reached skill level 1 in Invocations
 12960 | D:8      | Reached skill level 5 in Short Blades
 13098 | D:8      | Found a staircase to the Lair.
 13371 | D:8      | Killed from afar by an orc priest

Levels and vault maps discovered:
D:1:      ncdulo_wetmaze, layout_loops_corners, minmay_cupped
D:2:      layout_loops_ring, first_ration
D:3:      layout_basic, regret_index_temple_of_mockery
D:4:      layout_basic, grunt_ministairs_6, kennysheep_orc_chapel
D:5:      layout_basic, minmay_temple_entry_offerings, uniq_sigmund,
          uniq_duvessa, uniq_ijyb, uniq_edmund
D:6:      layout_rooms, overflow_temple_1_default, cheibrodos_ashenzari_chains,
          nicolae_gozag_seed_capital
D:7:      layout_rooms, grunt_temple_overflow_cloverleaf, basic_altar,
          grunt_ogre_cave, glass_columns_c
D:8:      layout_gridville, erik_lair_orcish_takeover, serial_bayou,
          serial_bayou_pond_b, serial_bayou_ford_a, serial_bayou_pond_a,
          serial_bayou_lagoon_a, serial_bayou_crossing, serial_bayou_lake_a
Temple:   oiseaux_autumnal_temple

Skill      XL: |  1  2  3  4  5  6  7  8  9 |
---------------+----------------------------+-----
Hexes          | 4 5 6 7 8 9 |  9.5
Spellcasting   | 3 4 5 6 7 |  7.0
Ice Magic      | 1 2 3 4 5 |  5.9
Stealth        | 5 6 8 |  8.4
Short Blades   | 2 3 5 |  5.0
Dodging        | 4 5 7 |  7.0
Translocations | 2 |  2.0
Invocations    | 1 |  1.4

Action                   |  1- 3 |  4- 6 |  7- 9 || total
-------------------------+-------+-------+-------++-------
Melee: Dagger            |    57 |   156 |   349 ||   562
 Fire: Hunting sling     |       |     5 |     2 ||     7
Throw: Stone             |     1 |     1 |       ||     2
 Cast: Corona            |     3 |       |       ||     3
       Ensorcelled Hiber |    41 |    91 |   141 ||   273
       Confuse           |       |     9 |    41 ||    50
       Blink             |       |       |     1 ||     1
Invok: Animate Remains   |       |       |    22 ||    22
Evoke: Wand              |       |       |     1 ||     1
  Use: Scroll            |     4 |     4 |    12 ||    20
       Potion            |       |       |     4 ||     4
 Stab: Sleeping          |    36 |    44 |    91 ||   171
       Confused          |       |     6 |    29 ||    35
       Distracted        |       |       |     2 ||     2
  Eat: Ration            |     1 |     3 |     8 ||    12
Armor: Robe              |    14 |    11 |    17 ||    42
Dodge: Dodged            |    86 |   141 |   243 ||   470

Table legend:
 A = Non-vault XP
 B = Vault XP
 C = Vault XP percentage of total XP
 D = Non-vault monster count
 E = Vault monster count
 F = Vault count percentage of total count
                 A         B        C        D         E       F
            +---------+---------+-------+---------+---------+-------
      Total |    4125 |    1280 |  23.7 |     198 |      24 |  10.8
            +---------+---------+-------+---------+---------+-------
        D:1 |      30 |       7 |  18.9 |      18 |       4 |  18.2
        D:2 |     177 |       0 |   0.0 |      28 |       0 |   0.0
        D:3 |     169 |       0 |   0.0 |      31 |       0 |   0.0
        D:4 |     872 |      93 |   9.6 |      27 |       6 |  18.2
        D:5 |     709 |     634 |  47.2 |      29 |       5 |  14.7
        D:6 |     698 |       0 |   0.0 |      34 |       0 |   0.0
        D:7 |    1176 |     116 |   9.0 |      23 |       1 |   4.2
        D:8 |     294 |     430 |  59.4 |       8 |       8 |  50.0
            +---------+---------+-------+---------+---------+-------
